 Dungeon Crawl Stone Soup version 0.27-a0-1186-g8b4daa1eef (webtiles) character file.

Game seed: 7942151888498385860

6 wakim the Insei (level 1, 0/13 HPs)
             Began as an Octopode Transmuter on May 19, 2021.
             Slain by a quokka (1 damage)
             ... on level 1 of the Dungeon.
             The game lasted 00:00:49 (145 turns).

wakim the Insei (Octopode Transmuter)                Turns: 145, Time: 00:00:50

Health: 0/13       AC:  1    Str:  9    XL:     1   Next: 90%
Magic:  3/3        EV: 13    Int: 15    God:
Gold:   13         SH:  0    Dex: 12    Spells: 3/4 levels left

rFire    . . .     SeeInvis .     - Unarmed
rCold    . . .     Faith    .   (no shield)
rNeg     . . .     Spirit   .   (helmet restricted)
rPois    .         Reflect  .   (no amulet)
rElec    .         Harm     .   (no ring)
rCorr    .         Rampage  .   (no ring)
Will     .....                  (no ring)
Stlth    ++........             (no ring)
HPRegen  0.04/turn              (no ring)
MPRegen  0.08/turn              (no ring)
                                (no ring)
                                (no ring)

@: no status effects
A: almost no armour, amphibious, 8 rings, camouflage 1, gelatinous body 1,
(nimble swimmer 1), tentacles
a: no special abilities


You were on level 1 of the Dungeon.
You visited 1 branch of the dungeon, and saw 1 of its levels.

You collected 13 gold pieces.

You aren't carrying anything.


   Skills:
 + Level 1.2 Fighting
 - Level 2.0 Dodging
 * Level 3.3 Unarmed Combat
 - Level 2.0 Spellcasting
 - Level 2.0 Transmutations


You had 3 spell levels left.
You knew the following spells:

 Your Spells              Type           Power      Damage    Failure   Level
a - Beastly Appendage     Tmut           14%        N/A       10%         1

Your spell library contained the following spells:

 Spells                   Type           Power      Damage    Failure   Level
 Wereblood                Tmut           7%         N/A       14%         2
 Spider Form              Tmut/Pois      2%         N/A       41%         3
 Ice Form                 Ice/Tmut       4%         N/A       82%         4
 Hydra Form               Tmut           3%         N/A       95%         5


Dungeon Overview and Level Annotations

Branches:
Dungeon (1/15)

Altars:


Innate Abilities, Weirdness & Mutations

You cannot wear most types of armour.
You are amphibious.
You can wear up to eight rings at the same time.
Your skin changes colour to match your surroundings (Stealth+).
Your rubbery body absorbs attacks. (AC +1, EV +1)
((You are camouflaged near water. (Stealth+)))
You have tentacles for arms and can constrict up to eight enemies at once.


Message History

You tentacle-slap the goblin. Your grab misses the goblin.
The goblin is almost dead.
The goblin barely misses you. The goblin closely misses you.
You barely miss the goblin. You grab the goblin.
The goblin is almost dead.
You constrict the goblin, but do no damage.
The goblin hits you with a +0 club. The goblin hits you with a +0 dagger.
* * * LOW HITPOINT WARNING * * *
The rat twitches its whiskers.
You barely miss the goblin.
The goblin is almost dead.
You constrict the goblin.
You kill the goblin!
The goblin hits you with a +0 club.
* * * LOW HITPOINT WARNING * * *
The goblin misses you.
You closely miss the goblin. Your grab misses the goblin.
The goblin closely misses you.
You barely miss the goblin. Your grab misses the goblin.
The goblin hits you with a +0 club.
* * * LOW HITPOINT WARNING * * *
You tentacle-slap the goblin.
You kill the goblin!
You tentacle-slap the rat.
You kill the rat!
You see here a +0 club.
A quokka comes into view.
The quokka closely misses you.
You tentacle-slap the quokka. Your grab misses the quokka.
The quokka is moderately wounded.
The quokka bites you.
* * * LOW HITPOINT WARNING * * *
You barely miss the quokka. Your grab misses the quokka.
The quokka is moderately wounded.
The quokka barely misses you.
Unknown command.
You closely miss the quokka. You grab the quokka.
The quokka is moderately wounded.
You constrict the quokka. The quokka bites you.
You die...

## ########## # #..
###..##....###############
.##..#....#..r@..).......##....
......#...)..#####.....###...##
#=......#### .####..)..####.
#.....### ....###'###....
.?......+ ......'.'......
...#...g# ....###'###.... #.
#..... .####.....####. #
....#.. #....#......## ........
...##..........


You could see a quokka.

Vanquished Creatures
  A hobgoblin (D:1)
  A frilled lizard (D:1)
  3 goblins (D:1)
  A rat (D:1)
6 creatures vanquished.

Notes
Turn   | Place    | Note
-------+----------+-------------------------------------------
     0 | D:1      | wakim the Octopode Transmuter began the quest for the Orb.
     0 | D:1      | Reached XP level 1. HP: 13/13 MP: 3/3
   145 | D:1      | Slain by a quokka

Illustrated notes

Levels and vault maps discovered:
D:1:      elethiomel_arrival_infinity_welcomes_careful_drivers, layout_basic

Action                   || total
-------------------------++-------
Melee: Unarmed           ||    17
       Constrict         ||     4
 Stab: Sleeping          ||     1
Dodge: Dodged            ||    10

Table legend: (Time is in decaauts)
 A = Elapsed time spent in this place.
 B = Non-inter-level travel time spent in this place.
 C = Inter-level travel time spent in this place.
 D = Time resting spent in this place.
 E = Time spent auto-exploring this place.
 F = Levels seen in this place.
 G = Mean time per level.
                   A        B        C        D        E       F      G
               +--------+--------+--------+--------+--------+-----+--------+
         Total |    144 |    144 |      0 |      0 |     84 |   1 |  144.0 |
       Dungeon |    144 |    144 |      0 |      0 |     84 |   1 |  144.0 |
               +--------+--------+--------+--------+--------+-----+--------+

Top non-repeatable levels by time:
     D:1: 144 daAuts
